 Dungeon Crawl Stone Soup version 0.30-a0-760-g5a9884bb7c (webtiles) character file.

Game seed: 8598142909586946440

150 bande the Covered (level 5, -1/33 HPs)
             Began as a Gargoyle Fighter on Feb 12, 2023.
             Slain by a gnoll
             ... wielding a +0 halberd
              (8 damage)
             ... on level 3 of the Dungeon.
             The game lasted 00:02:53 (1728 turns).

bande the Covered (Gargoyle Fighter)                Turns: 1728, Time: 00:02:54

Health: -1/33      AC: 11    Str: 19    XL:     5   Next: 32%
Magic:  5/5        EV:  9    Int:  9    God:
Gold:   170        SH:  4    Dex: 11    Spells: 4/4 levels left

rFire   . . .      SeeInvis .    a - +0 war axe
rCold   . . .      Faith    .    c - +0 buckler
rNeg    + . .      Spirit   .    b - +0 scale mail
rPois   ∞          Reflect  .    (no helmet)
rElec   +          Harm     .    (no cloak)
rCorr   .          Rampage  .    (no gloves)
Will    .....                    (no boots) Stlth
                                 (no amulet)
HPRegen 0.25/turn                (no ring)
MPRegen 0.09/turn                (no ring)

@: no status effects
A: sickness immunity, AC +4, negative energy resistance 1, electricity
resistance, torment resistance 1, petrification resistance
a: no special abilities


You were on level 3 of the Dungeon.
You visited 1 branch of the dungeon, and saw 3 of its levels.

You collected 170 gold pieces.

Inventory:

Hand Weapons
 a - a +0 war axe (weapon)
 g - a +0 flail
Armour
 b - a +0 scale mail (worn)
 c - a +0 buckler (worn)
Scrolls
 f - 2 scrolls of blinking {unknown}
 h - a scroll of noise {unknown}
 i - 2 scrolls of fear {unknown}
 l - a scroll of magic mapping {unknown}
 n - a scroll of silence {unknown}
 p - a scroll of butterflies {unknown}
Potions
 d - a potion of might
 e - a potion of flight {unknown}
 j - a potion of heal wounds {unknown}
 k - a potion of resistance {unknown}
 m - a potion of invisibility {unknown}
 o - a potion of curing {unknown}
 q - a potion of degeneration {unknown}


   Skills:
 + Level 4.0 Fighting
 + Level 3.3 Axes
 + Level 4.4 Armour
 + Level 3.7 Shields


You had 4 spell levels left.
You didn't know any spells.
Your spell library contained the following spells:

 Spells                   Type           Power      Damage    Failure   Level
 Dazzling Flash           Conj/Hex       0%         N/A       99%         3
 Iskenderun's Mystic Bla  Conj/Tloc      0%         2d3       100%        4
 Agony                    Necr           0%         N/A       100%        5
 Silence                  Hex/Air        0%         N/A       100%        5
 Starburst                Conj/Fire      0%         6d3       100%        6


Dungeon Overview and Level Annotations

Branches:
Dungeon (3/15)

Altars:


Innate Abilities, Weirdness & Mutations

You are immune to sickness and miasma.
Your stone body is resilient. (AC +4)
You are immune to poison.
You resist negative energy. (rN+)
You are resistant to electric shocks. (rElec)
You are resistant to unholy torment.
You are immune to petrification.


Message History

You closely miss the gnoll. The gnoll misses you.
The gnoll hits you but does no damage.
You barely miss the gnoll.
The gnoll is moderately wounded.
The gnoll barely misses you. You block the gnoll's attack.
You closely miss the gnoll.
The gnoll is moderately wounded.
The gnoll hits you from afar with a +0 halberd.
The gnoll hits you but does no damage. The gnoll closely misses you.
The gnoll hits you but does no damage.
You barely miss the gnoll.
The gnoll is moderately wounded.
You hit the worm. The gnoll closely misses you. The gnoll misses you.
The worm bites you!
You slash the gnoll!
You kill the gnoll!
You slash the worm! The gnoll closely misses you.
You hit the worm.
The worm is heavily wounded.
The gnoll barely misses you. The worm bites you but does no damage.
The gnoll barely misses you.
You slash the worm!
The worm is almost dead.
The gnoll hits you from afar with a +0 halberd!
The worm closely misses you.
You are too injured to fight recklessly!
You are too injured to fight recklessly!
You are too injured to fight recklessly!
You are too injured to fight recklessly!
The gnoll hits you with a +0 halberd.
* * * LOW HITPOINT WARNING * * *
The worm bites you.
* * * LOW HITPOINT WARNING * * *
You see here a +0 flail.
You barely miss the gnoll. You barely miss the worm.
You block the gnoll's attack.
You hit the gnoll.
The gnoll is lightly wounded.
You barely miss the worm. The gnoll hits you with a +0 halberd!
You die...

#.#####.#.#. # # #.#.##
#. #.#.## #. #.#...
#.### #..... ...##
####.# ... #.#
#.###g##############.#
#...>@w..............#
#####.##############.#
#.# #.# ####.####
######.# #.......#
#..>....
#.##.##.######.####.#
.....................#
###.##......####.######
# ####.#.# #.#


You could see a worm and a gnoll.

Vanquished Creatures
  5 adders
  4 gnolls
  2 worms (D:3)
  2 dart slugs
  2 orcs (D:3)
  3 ball pythons
  4 endoplasms
  3 giant cockroaches
  7 goblins
  3 hobgoblins
  5 kobolds
  A quokka (D:1)
  7 bats
  6 frilled lizards
  4 rats
58 creatures vanquished.

Notes
Turn   | Place    | Note
-------+----------+-------------------------------------------
     0 | D:1      | bande the Gargoyle Fighter began the quest for the Orb.
     0 | D:1      | Reached XP level 1. HP: 14/14 MP: 1/1
    82 | D:1      | Reached XP level 2. HP: 19/19 MP: 2/2
   323 | D:1      | Reached XP level 3. HP: 23/23 MP: 3/3
  1040 | D:2      | Reached XP level 4. HP: 28/29 MP: 4/4
  1056 | D:2      | Identified the +0 pair of gloves "Miawoqey" {Dex+3 Stlth+}
  1533 | D:3      | Reached XP level 5. HP: 31/33 MP: 5/5
  1597 | D:3      | Found a faded altar of an unknown god.
  1728 | D:3      | Slain by a gnoll

Illustrated notes

Levels and vault maps discovered:
D:1:      dpeg_arrival_erosion, layout_rooms, minmay_tiny_reverse_x
D:2:      layout_basic
D:3:      layout_loops_ring, gammafunk_temple_overflow_wave,
          shapermc_ecumenical_altar_pompeii, minmay_between

Skill      XL: |  1  2  3  4  5 |
---------------+----------------+-----
Axes           | 2 3 |  3.3
Armour         | 4 |  4.4
Fighting       | 4 |  4.0
Shields        | |  3.7

Action                     |  1- 3 |  4- 6 || total
---------------------------+-------+-------++-------
  Melee: War axe           |    77 |    85 ||   162
 Armour: Scale mail        |    52 |    50 ||   102
  Dodge: Dodged            |    43 |    50 ||    93
  Block: Buckler           |     7 |    24 ||    31

Table legend: (Time is in decaauts)
 A = Elapsed time spent in this place.
 B = Non-inter-level travel time spent in this place.
 C = Inter-level travel time spent in this place.
 D = Time resting spent in this place.
 E = Time spent auto-exploring this place.
 F = Levels seen in this place.
 G = Mean time per level.
                   A        B        C        D        E       F      G
               +--------+--------+--------+--------+--------+-----+--------+
         Total |   1792 |   1758 |     34 |    156 |   1163 |   3 |  597.3 |
       Dungeon |   1792 |   1758 |     34 |    156 |   1163 |   3 |  597.3 |
               +--------+--------+--------+--------+--------+-----+--------+

Top non-repeatable levels by time:
     D:1: 710 daAuts
     D:2: 573 daAuts
     D:3: 509 daAuts
